 Dungeon Crawl Stone Soup version 0.28-a0-1622-gc30f734a66 (webtiles) character file.

Game seed: 8142149362870247434

9477 Gargoyl the Fighter (level 11, -18/86 (89) HPs)
             Began as a Gnoll Abyssal Knight on Jan 23, 2022.
             Was an Elder of Lugonu.
             Demolished by a hell knight (21 damage)
             ... on level 10 of the Dungeon.
             The game lasted 00:13:23 (14260 turns).

Gargoyl the Fighter (Gnoll Abyssal Knight)         Turns: 14260, Time: 00:13:24

HP:   -18/86 (89)   AC: 16    Str: 15    XL:     11   Next: 47%
MP:   16/20         EV:  6    Int:  9    God:    Lugonu [****..]
Gold: 631           SH:  5    Dex: 13    Spells: 22/22 levels left

rFire   . . .      SeeInvis .   j - +2 war axe
rCold   . . .      Faith    .   v - +0 buckler
rNeg    . . .      Spirit   .   c - +0 plate armour
rPois   +          Reflect  .   (no helmet)
rElec   .          Harm     .   (no cloak)
rCorr   .          Rampage  .   f - +0 pair of gloves {infuse}
Will    +....                   p - +0 pair of boots
Stlth   ..........              (no amulet)
HPRegen 0.24/turn               r - ring of poison resistance
MPRegen 0.17/turn               s - +4 ring of slaying

@: flying, lightly drained
A: fangs 1, strong nose, distributed training, strong-willed 1, weak 1, wild
magic 1
a: Renounce Religion, Depart the Abyss, Bend Space, Banish, Corrupt


You were on level 10 of the Dungeon.
You worshipped Lugonu.
Lugonu was greatly pleased with you.
You visited 1 branch of the dungeon, and saw 10 of its levels.
You visited the Abyss 1 time.
You also visited: Bailey.

You collected 631 gold pieces.

Inventory:

Hand Weapons
 a - a +1 hand axe
 j - a +2 war axe (weapon)
 n - a +0 war axe of flaming
 y - a +0 broad axe
Missiles
 o - 13 poisoned darts (quivered)
 z - 2 throwing nets
Armour
 c - a +0 plate armour (worn)
 f - a +0 pair of gloves of infusion (worn)
 p - a +0 pair of boots (worn)
 v - a +0 buckler (worn)
Jewellery
 k - a ring of flight
 q - a ring of see invisible
 r - a ring of poison resistance (left hand)
 s - a +4 ring of slaying (right hand)
Wands
 x - a wand of paralysis (8)
Scrolls
 i - 2 scrolls of fear
 t - 2 scrolls of teleportation
 A - a scroll of blinking
 B - 3 scrolls of identify
Potions
 b - 2 potions of flight
 d - 2 potions of haste
 e - 3 potions of might
 g - a potion of lignification
 h - 3 potions of invisibility
 l - a potion of ambrosia
 u - 3 potions of curing


   Skills:
 + Level 9.2 Fighting
 + Level 6.3 Short Blades
 + Level 6.3 Long Blades
 + Level 7.9 Axes
 + Level 6.3 Maces & Flails
 + Level 6.3 Polearms
 + Level 6.3 Staves
 + Level 6.3 Slings
 + Level 6.3 Bows
 + Level 6.3 Crossbows
 + Level 6.3 Throwing
 + Level 7.9 Armour
 + Level 6.9 Dodging
 + Level 6.3 Stealth
 + Level 6.3 Shields
 + Level 6.3 Unarmed Combat
 + Level 6.3 Spellcasting
 + Level 5.2 Conjurations
 + Level 5.2 Hexes
 + Level 5.2 Summonings
 + Level 5.2 Necromancy
 + Level 5.2 Translocations
 + Level 5.2 Transmutations
 + Level 5.2 Fire Magic
 + Level 5.2 Ice Magic
 + Level 5.2 Air Magic
 + Level 5.2 Earth Magic
 + Level 5.2 Poison Magic
 + Level 8.4 Invocations
 + Level 6.3 Evocations


You had 22 spell levels left.
You didn't know any spells.
Your spell library contained the following spells:

 Spells                   Type           Power      Damage    Failure   Level
 Static Discharge         Conj/Air       15%        N/A       95%         2
 Gell's Gravitas          Tloc           15%        N/A       99%         3
 Stone Arrow              Conj/Erth      30%        3d8       99%         3
 Summon Guardian Golem    Hex/Summ       15%        N/A       99%         3
 Teleport Other           Tloc           15%        N/A       99%         3
 Tukima's Dance           Hex            15%        N/A       99%         3
 Animate Armour           Summ/Erth      30%        N/A       100%        4
 Dispel Undead            Necr           15%        3d10      100%        4
 Passage of Golubria      Tloc           15%        N/A       100%        4
 Sticky Flame             Conj/Fire      15%        2d4       100%        4
 Lightning Bolt           Conj/Air       7%         1d20      100%        5
 Yara's Violent Unravell  Hex/Tmut       7%         3d5       100%        5
 Dispersal                Tloc           7%         N/A       100%        6
 Orb of Destruction       Conj           7%         9d6       100%        7
 Spellforged Servitor     Conj/Summ      7%         N/A       100%        7
 Lehudib's Crystal Spear  Conj/Erth      7%         10d3      100%        8
 Maxwell's Capacitive Co  Air            7%         ∞         100%        8


Dungeon Overview and Level Annotations

Branches:
Dungeon (10/15)            Temple (0/1) D:4             Orc (0/2) D:9
 Bailey (visited)
   Lair: D:8-11

Altars:
Ashenzari
Dithmenos
Fedhas
Hepliaklqana
Nemelex Xobeh
Okawaru
Vehumet
Xom
Zin
The Shining One


Innate Abilities, Weirdness & Mutations

You have very sharp teeth.
Your uncanny sense of smell can sniff out nearby items.
Your experience applies equally to all skills.
You are strong-willed. (Will+)
You are weak. (Str -2)
Your spells are a little harder to cast, but a little more powerful.


Message History

Unknown command.
Press: ? - help, Shift-Dir - straight line, f - hell knight
Aim: a hell knight, wielding a +5 vorpal war axe and wearing a +0 plate armour (lightly wounded, chance to affect: 71%)
The hell knight struggles to resist.
The hell knight hits you with a +5 vorpal war axe.
* * * LOW HITPOINT WARNING * * *
x2 A hell knight comes into view.
It is wielding a +5 demon trident of flaming.
You feel much better.
The hell knight completely misses you. x2
The hell hound breathes flames at you.
The blast of flame hits the hell hound.
The hell hound completely resists.
The blast of flame hits the hell knight.
The hell knight completely resists.
The blast of flame hits you.
You hear a bark!
You feel much better.
The hell knight mumbles some strange words.
The hell knight seems to speed up.
The hell knight mumbles some strange words.
The hell knight seems to speed up.
You feel much better.
The hell knight hits you but does no damage.
The hell knight hits you from afar with a +5 demon trident of flaming!!
The hell knight burns you. The hell knight casts a spell at you.
The bolt of fire hits the hell hound.
The hell hound completely resists.
The bolt of fire misses the hell hound.
The bolt of fire misses the hell knight.
The bolt of fire misses you.
Unknown command.
You feel much better.
The hell knight hits you with a +5 vorpal war axe!
The hell knight hits you from afar with a +5 demon trident of flaming!
The hell knight burns you.
* * * LOW HITPOINT WARNING * * *
The hell knight points at you and mumbles some strange words.
The bolt of fire hits the hell hound.
The hell hound completely resists.
The bolt of fire misses the hell hound.
The bolt of fire hits the hell knight.
The hell knight completely resists.
The bolt of fire hits you!!
* * * LOW HITPOINT WARNING * * *
The hell knight hits you with a +5 vorpal war axe!!
You die...

................
......##..######
......##..####
......#......#
.............#
#############......#
#...........#.....##
#.###≈≈≈###.#.....##
#)#..@phhp#.#......#
#.#p#####p#.≈......#
#.#. ∆ p#.≈......#
#.# ∆ #.≈.###..# #.#
∆ ∆#.≈..##### #.#
#.≈...# #.# #.#...#
#.#########.#...#
#.....<.....#...#


You could see 4 hell knights and 2 hell hounds.

Vanquished Creatures
  A boulder beetle (D:9)
  2 two-headed ogres
  A hell knight (D:10)
  A cyclops (D:7)
  Maggie (D:7)
  6 yaks
  A steam dragon (D:8)
  Duvessa (D:6)
  An acid dragon (D:10)
  3 hell hounds (D:10)
  3 water moccasins
  A hornet zombie (D:8)
  4 orc warriors
  4 ogres
  A black bear (D:6)
  2 necrophages (D:7)
  An ice beast (D:7)
  A phantom (D:4)
  3 centaurs (D:8)
  A kobold brigand (D:9)
  2 wyvern zombies
  3 bullfrogs
  A gnoll sergeant (D:8)
  A scorpion (D:5)
  Dowan (D:6)
  A water moccasin skeleton (D:4)
  A wyvern skeleton (D:5)
  4 wights (D:9)
  A centaur zombie (D:9)
  3 howler monkeys (D:9)
  A bullfrog skeleton (D:7)
  A jelly (D:5)
  A hound (D:5)
  8 orc priests
  An iguana (D:3)
  Natasha (thrice) (D:2)
  10 orc wizards
  A killer bee zombie (D:6)
  2 hound zombies (D:5)
  2 hound skeletons (D:4)
  A howler monkey zombie (D:9)
  3 adders
  7 gnolls
  A shadow imp (D:6)
  A white imp (D:6)
  A worm (D:2)
  A dart slug (D:5)
  31 orcs
  5 ball pythons
  4 bats
  12 endoplasms
  2 giant cockroaches
  7 goblins
  4 hobgoblins
  4 jackals (D:3)
  14 kobolds
  7 quokkas
  8 frilled lizards
  4 rats
204 creatures vanquished.

Notes
Turn   | Place    | Note
-------+----------+-------------------------------------------
     0 | Abyss:1  | Gargoyl the Gnoll Abyssal Knight began the quest for the
                  | Orb.
     0 | Abyss:1  | Reached XP level 1. HP: 23/23 MP: 3/3
     0 | D:1      | Escaped the Abyss
   210 | D:1      | Reached XP level 2. HP: 27/29 MP: 5/5
   488 | D:1      | Found a faded altar of an unknown god.
   548 | D:1      | Reached * piety under Lugonu
  1080 | D:2      | Reached XP level 3. HP: 34/35 MP: 4/6
  1094 | D:2      | Reached skill level 1 in Short Blades
  1094 | D:2      | Reached skill level 1 in Long Blades
  1094 | D:2      | Reached skill level 1 in Maces & Flails
  1094 | D:2      | Reached skill level 1 in Polearms
  1094 | D:2      | Reached skill level 1 in Staves
  1094 | D:2      | Reached skill level 1 in Slings
  1094 | D:2      | Reached skill level 1 in Bows
  1094 | D:2      | Reached skill level 1 in Crossbows
  1094 | D:2      | Reached skill level 1 in Throwing
  1094 | D:2      | Reached skill level 1 in Stealth
  1094 | D:2      | Reached skill level 1 in Shields
  1094 | D:2      | Reached skill level 1 in Unarmed Combat
  1094 | D:2      | Reached skill level 1 in Spellcasting
  1094 | D:2      | Reached skill level 1 in Evocations
  1318 | D:2      | Reached XP level 4. HP: 41/41 MP: 1/7
  1596 | D:2      | Noticed Natasha
  1606 | D:2      | Killed Natasha
  1607 | D:2      | Reached skill level 1 in Conjurations
  1607 | D:2      | Reached skill level 1 in Hexes
  1607 | D:2      | Reached skill level 1 in Summonings
  1607 | D:2      | Reached skill level 1 in Necromancy
  1607 | D:2      | Reached skill level 1 in Translocations
  1607 | D:2      | Reached skill level 1 in Transmutations
  1607 | D:2      | Reached skill level 1 in Fire Magic
  1607 | D:2      | Reached skill level 1 in Ice Magic
  1607 | D:2      | Reached skill level 1 in Air Magic
  1607 | D:2      | Reached skill level 1 in Earth Magic
  1607 | D:2      | Reached skill level 1 in Poison Magic
  1868 | D:2      | Noticed Natasha
  1875 | D:2      | Killed Natasha
  1876 | D:2      | Reached XP level 5. HP: 41/47 MP: 3/8
  1990 | D:2      | Noticed Natasha
  1996 | D:2      | Killed Natasha
  2384 | D:3      | Reached ** piety under Lugonu
  2913 | D:4      | Found a staircase to the Ecumenical Temple.
  3054 | D:4      | Noticed a phantom
  3076 | D:4      | Killed a phantom
  3077 | D:4      | Reached skill level 5 in Axes
  3077 | D:4      | Reached skill level 5 in Armour
  3077 | D:4      | Reached skill level 5 in Invocations
  3077 | D:4      | Reached XP level 6. HP: 35/53 MP: 3/9
  3399 | D:4      | Found a blossoming altar of Fedhas.
  3416 | D:4      | Reached XP level 7. HP: 17/59 MP: 3/10
  3822 | D:4      | Reached skill level 7 in Fighting
  4390 | D:5      | Entered Level 5 of the Dungeon
  5286 | D:5      | Reached XP level 8. HP: 7/67 MP: 10/12
  5616 | D:5      | Reached *** piety under Lugonu
  5992 | D:6      | Found a radiant altar of Vehumet.
  6088 | D:6      | Noticed Duvessa
  6088 | D:6      | Noticed Dowan
  6094 | D:6      | Killed Duvessa
  6379 | D:6      | Killed Dowan
  6611 | D:6      | Found a hazy altar of Hepliaklqana.
  6756 | D:6      | Found a broken altar of Ashenzari.
  6908 | D:6      | Found a glowing silver altar of Zin.
  7386 | D:7      | Gained mutation: You have hidden genetic defects. [potion
                  | of mutation]
  7386 | D:7      | Gained mutation: Your spells are a little easier to cast,
                  | but a little less powerful. [potion of mutation]
  7512 | D:7      | Gained mutation: Your magical capacity is low. (-10% MP)
                  | [hidden defects]
  7792 | D:7      | Noticed a four-headed hydra
  7822 | D:7      | Banished a six-headed hydra
  7823 | D:7      | Reached skill level 5 in Dodging
  7823 | D:7      | Reached XP level 9. HP: 24/74 MP: 8/13
  7824 | D:7      | Gained mutation: Your magical capacity is very low. (-20%
                  | MP) [hidden defects]
  7824 | D:7      | Lost mutation: You have hidden genetic defects. [hidden
                  | defects expressed]
  8180 | D:7      | Noticed Maggie
  8180 | D:7      | Noticed a cyclops
  8185 | D:7      | Killed a cyclops
  8186 | D:7      | Reached skill level 8 in Fighting
  8210 | D:7      | Killed Maggie
  8217 | D:7      | Reached XP level 10. HP: 38/80 MP: 5/13
  8670 | D:7      | Noticed a two-headed ogre
  8684 | D:7      | Killed a two-headed ogre
  8685 | D:7      | Reached skill level 5 in Short Blades
  8685 | D:7      | Reached skill level 5 in Long Blades
  8685 | D:7      | Reached skill level 5 in Maces & Flails
  8685 | D:7      | Reached skill level 5 in Polearms
  8685 | D:7      | Reached skill level 5 in Staves
  8685 | D:7      | Reached skill level 5 in Slings
  8685 | D:7      | Reached skill level 5 in Bows
  8685 | D:7      | Reached skill level 5 in Crossbows
  8685 | D:7      | Reached skill level 5 in Throwing
  8685 | D:7      | Reached skill level 5 in Stealth
  8685 | D:7      | Reached skill level 5 in Shields
  8685 | D:7      | Reached skill level 5 in Unarmed Combat
  8685 | D:7      | Reached skill level 5 in Spellcasting
  8685 | D:7      | Reached skill level 5 in Evocations
  8927 | D:7      | Found a glowing golden altar of the Shining One.
  9155 | D:8      | Identified the +2 mace of Dizizode {venom, Fragile rF+++
                  | Str+4 Stlth+}
  9954 | D:8      | Found an iron altar of Okawaru.
  9954 | D:8      | Found a sparkling altar of Nemelex Xobeh.
 10016 | D:8      | Found a shimmering altar of Xom.
 10366 | D:9      | Found a flagged portal.
 10424 | Bailey   | Entered a bailey
 10469 | Bailey   | Noticed an orc knight
 10816 | D:9      | Reached **** piety under Lugonu
 11308 | D:9      | Found a staircase to the Orcish Mines.
 11696 | D:9      | Found a shadowy altar of Dithmenos.
 11706 | D:9      | Noticed a two-headed ogre
 11731 | D:9      | Killed a two-headed ogre
 12031 | D:9      | Noticed an eight-headed hydra
 12164 | D:9      | Noticed a boulder beetle
 12230 | D:9      | Banished an eight-headed hydra
 12231 | D:9      | Reached XP level 11. HP: 69/87 MP: 5/15
 12251 | D:9      | Killed a boulder beetle
 12252 | D:9      | Reached skill level 9 in Fighting
 12252 | D:9      | Reached skill level 5 in Conjurations
 12252 | D:9      | Reached skill level 5 in Hexes
 12252 | D:9      | Reached skill level 5 in Summonings
 12252 | D:9      | Reached skill level 5 in Necromancy
 12252 | D:9      | Reached skill level 5 in Translocations
 12252 | D:9      | Reached skill level 5 in Transmutations
 12252 | D:9      | Reached skill level 5 in Fire Magic
 12252 | D:9      | Reached skill level 5 in Ice Magic
 12252 | D:9      | Reached skill level 5 in Air Magic
 12252 | D:9      | Reached skill level 5 in Earth Magic
 12252 | D:9      | Reached skill level 5 in Poison Magic
 12900 | D:10     | Entered Level 10 of the Dungeon
 12901 | D:10     | Lost mutation: Your spells are a little easier to cast, but
                  | a little less powerful. [potion of mutation]
 12901 | D:10     | Lost mutation: Your magical capacity is very low. (-20% MP)
                  | [potion of mutation]
 12901 | D:10     | Lost mutation: Your magical capacity is low. (-10% MP)
                  | [potion of mutation]
 12901 | D:10     | Gained mutation: Potions are less effective at restoring
                  | your health. [potion of mutation]
 12901 | D:10     | Gained mutation: You are clumsy. (Dex -2) [potion of
                  | mutation]
 12902 | D:10     | Lost mutation: You are clumsy. (Dex -2) [potion of
                  | mutation]
 12902 | D:10     | Lost mutation: Potions are less effective at restoring your
                  | health. [potion of mutation]
 12902 | D:10     | Gained mutation: You are weak. (Str -2) [potion of
                  | mutation]
 12902 | D:10     | Gained mutation: You are strong-willed. (Will+) [potion of
                  | mutation]
 12902 | D:10     | Gained mutation: Your spells are a little harder to cast,
                  | but a little more powerful. [potion of mutation]
 13822 | D:10     | Noticed a hell knight
 13826 | D:10     | Noticed a hell knight
 13837 | D:10     | Killed a hell knight
 14249 | D:10     | Noticed a hell knight
 14250 | D:10     | Noticed a necromancer
 14251 | D:10     | Noticed a hell knight
 14254 | D:10     | Noticed a hell knight
 14256 | D:10     | Noticed a hell knight
 14260 | D:10     | HP: 3/86 [hell knight/bolt of fire (19)]
 14260 | D:10     | Demolished by a hell knight

Illustrated notes

Levels and vault maps discovered:
D:1:      scummos_arrival_checkerplants, layout_loops_ring,
          hellmonk_ecumenical_altar_arch_garden, patterned_corridor
D:2:      layout_basic, uniq_natasha
D:3:      layout_basic, minmay_hedge_maze
D:4:      layout_loops_ring, fedhas_ov_isle_minmay, minmay_temple_entry_junction
D:5:      layout_loops_ring, fountainhead
D:6:      layout_loops_corners, kennysheep_little_box, kennysheep_mini_moat,
          cheibrodos_ashenzari_chains, mainiacjoe_overflow_brackets,
          uniq_duvessa
D:7:      layout_loops_ring, lemuel_coloured_pillars_altar, uniq_maggie
D:8:      minmay_flawed_box, layout_rooms, gammafunk_temple_overflow_statue,
          lemuel_tele_altar
D:9:      layout_roguey, general_overflow_altar, enter_bailey_5,
          minmay_fractal_squares_gapless_7
D:10:     layout_gridville, lair_entry_dummy, minmay_rotating_lava

Skill      XL: |  1  2  3  4  5  6  7  8  9 10 11 |
---------------+----------------------------------+-----
Short Blades   | 1 2 4 5 6 |  6.3
Long Blades    | 1 2 4 5 6 |  6.3
Maces & Flails | 1 2 4 5 6 |  6.3
Polearms       | 1 2 4 5 6 |  6.3
Staves         | 1 2 4 5 6 |  6.3
Slings         | 1 2 4 5 6 |  6.3
Bows           | 1 2 4 5 6 |  6.3
Crossbows      | 1 2 4 5 6 |  6.3
Throwing       | 1 2 4 5 6 |  6.3
Stealth        | 1 2 4 5 6 |  6.3
Shields        | 1 2 4 5 6 |  6.3
Unarmed Combat | 1 2 4 5 6 |  6.3
Spellcasting   | 1 2 4 5 6 |  6.3
Evocations     | 1 2 4 5 6 |  6.3
Conjurations   | 1 2 3 4 5 |  5.2
Hexes          | 1 2 3 4 5 |  5.2
Summonings     | 1 2 3 4 5 |  5.2
Necromancy     | 1 2 3 4 5 |  5.2
Translocations | 1 2 3 4 5 |  5.2
Transmutations | 1 2 3 4 5 |  5.2
Fire Magic     | 1 2 3 4 5 |  5.2
Ice Magic      | 1 2 3 4 5 |  5.2
Air Magic      | 1 2 3 4 5 |  5.2
Earth Magic    | 1 2 3 4 5 |  5.2
Poison Magic   | 1 2 3 4 5 |  5.2
Dodging        | 3 5 6 |  6.9
Axes           | 5 6 7 |  7.9
Armour         | 5 6 7 |  7.9
Invocations    | 5 6 7 8 |  8.4
Fighting       | 7 8 9 |  9.2

Action                   |  1- 3 |  4- 6 |  7- 9 | 10-12 || total
-------------------------+-------+-------+-------+-------++-------
Melee: Hand axe          |    65 |   144 |    34 |       ||   243
       Bite              |     6 |    12 |    25 |    37 ||    80
       Punch             |       |     3 |     3 |     1 ||     7
       War axe           |       |       |   136 |   270 ||   406
Throw: Dart              |       |       |    17 |    13 ||    30
Invok: Depart the Abyss  |     1 |       |       |       ||     1
       Bend Space        |       |       |     1 |     2 ||     3
       Banish            |       |       |     1 |     2 ||     3
Evoke: Wand              |       |       |     6 |       ||     6
  Use: Scroll            |     2 |     5 |     4 |     5 ||    16
       Potion            |       |       |     3 |    11 ||    14
Armor: Leather armour    |     7 |       |       |       ||     7
       Ring mail         |     5 |       |       |       ||     5
       Plate armour      |    22 |   110 |   129 |   186 ||   447
Dodge: Dodged            |    42 |    39 |    60 |    90 ||   231
Block: Buckler           |       |       |       |    82 ||    82

Table legend: (Time is in decaauts)
 A = Elapsed time spent in this place.
 B = Non-inter-level travel time spent in this place.
 C = Inter-level travel time spent in this place.
 D = Time resting spent in this place.
 E = Time spent auto-exploring this place.
 F = Levels seen in this place.
 G = Mean time per level.
                   A        B        C        D        E       F      G
               +--------+--------+--------+--------+--------+-----+--------+
         Total |  14367 |  14177 |    190 |   1930 |  10195 |  12 | 1197.2 |
       Dungeon |  14304 |  14114 |    190 |   1930 |  10160 |  10 | 1430.4 |
         Abyss |      0 |      0 |      0 |      0 |      0 |   1 |    0.0 |
        Bailey |     62 |     62 |      0 |      0 |     35 |   1 |   62.0 |
               +--------+--------+--------+--------+--------+-----+--------+

Top non-repeatable levels by time:
     D:9: 2498 daAuts
     D:5: 1718 daAuts
     D:7: 1657 daAuts
     D:4: 1488 daAuts
    D:10: 1373 daAuts
     D:8: 1339 daAuts
     D:2: 1304 daAuts
     D:6: 1294 daAuts
     D:1: 967 daAuts
     D:3: 662 daAuts
  Bailey: 62 daAuts
